 Dungeon Crawl Stone Soup version 0.10.4 character file.

4946 NINUZHNO the Slicer (level 10, -2/45 HPs)
             Began as a Spriggan Stalker on May 21, 2016.
             Was a Priest of Okawaru.
             Slain by a two-headed ogre
             ... wielding a +0,+0 giant club
              (20 damage)
             ... on Level 3 of the Orcish Mines.
             The game lasted 00:58:13 (10522 turns).

NINUZHNO the Slicer (Spriggan Stalker)             Turns: 10522, Time: 00:58:13

HP  -2/45        AC  7     Str  8      XL: 10   Next: 21%
MP  25/25        EV 22     Int 15      God: Okawaru [***...]
Gold 621         SH  0     Dex 18      Spells:  5 memorised,  4 levels left

Res.Fire  : . . .   See Invis. : +   q - +2 short sword (vamp)
Res.Cold  : . . .   Warding    : . . v - +2 orc robe
Life Prot.: . . .   Conserve   : .   (shield restricted)
Res.Acid. : . . .   Res.Corr.  : .   (helmet restricted)
Res.Poison: +       Clarity    : .   E - +1 cloak {darkness}
Res.Elec. : .       Spirit.Shd : .   (gloves unavailable)
Sust.Abil.: . .     Stasis     : .   (boots unavailable)
Res.Mut.  : .       Ctrl.Telep.: .   (no amulet)
Res.Rott. : .       Levitation : .   G - cursed ring of see invisible {unknown}
Saprovore : . . .   Ctrl.Flight: .   k - ring of poison resistance

@: very slightly contaminated, very quick, quite resistant to hostile
enchantments, very stealthy
A: unfitting armour, see invisible, herbivore 3, speed 3, slow metabolism 3, AC
+1
a: Heroism, Renounce Religion, Evoke Invisibility


You were on level 3 of the Orcish Mines.
You worshipped Okawaru.
Okawaru was greatly pleased with you.
You were hungry.

You visited 3 branches of the dungeon, and saw 13 of its levels.

You collected 601 gold pieces.

Inventory:

Hand weapons
 q - a +2,+2 vampiric short sword (weapon)
Armour
 v - a +2 orcish robe (worn)
 E - a +1 cloak of darkness (worn)
 F - a +0 buckler
Magical devices
 y - a wand of teleportation (8)
 H - a wand of fireball (7)
Comestibles
 o - 2 bread rations
 L - a choko
Scrolls
 a - a scroll of amnesia
 f - 2 scrolls of recharging
 g - a scroll of teleportation
 l - 5 scrolls of remove curse {unknown}
 m - 2 scrolls of fog
 p - 3 scrolls of detect curse
 u - 2 scrolls of enchant armour
 x - 5 scrolls of fear
 B - a scroll of blinking
Jewellery
 k - a ring of poison resistance (left hand)
 G - a cursed ring of see invisible (right hand) {unknown}
 J - a cursed ring of teleportation {unknown}
Potions
 b - 5 potions of slowing {unknown}
 c - a potion of might
 d - 5 potions of degeneration
 e - 2 potions of confusion
 i - a potion of water
 j - 3 potions of poison
 n - 3 potions of curing
 r - a potion of cure mutation
 t - a potion of strong poison
 w - 2 potions of heal wounds
 z - a potion of levitation
 A - 2 potions of agility
 D - a potion of invisibility


   Skills:
 - Level 0.7 Fighting
 * Level 9.1 Short Blades
 - Level 5.9 Dodging
 - Level 7.0 Stealth
 - Level 5.0 Stabbing
 - Level 5.6 Traps & Doors
 - Level 4.8 Spellcasting
 - Level 5.3 Transmutations
 - Level 1.1 Fire Magic
 + Level 4.8 Earth Magic
 + Level 4.6 Invocations


You had 4 spell levels left.
You knew the following spells:

 Your Spells              Type           Power        Failure   Level  Hunger
a - Fulsome Distillation  Trmt/Necr      N/A          8%          1    None
b - Evaporate             Fire/Trmt      ###....      10%         2    Strawberry
c - Passwall              Erth/Trmt      ####......   10%         3    Choko
d - Dig                   Erth/Trmt      ####.....    24%         4    Honeycomb
e - Petrify               Erth/Trmt      ####.....    24%         4    Honeycomb

Dungeon Overview and Level Annotations

Branches:
Dungeon (9/27)             Temple (1/1) D:4             Orc (3/4) D:9
   Lair (0/8) D:9
    Elf: Orc:3-4

Altars:
Ashenzari
Cheibriados
Elyvilon
Fedhas
Kikubaaqudgha
Makhleb
Nemelex Xobeh
Okawaru
Sif Muna
The Shining One
Trog
Vehumet
Xom
Yredelemnul
Zin

Shops:
D:6: =

Annotations
D:4 Leszczynek's ghost, average SETm
D:5 Gottschkopf's ghost, weakling SEHe
D:8 Duffy's ghost, experienced SETm


Innate Abilities, Weirdness & Mutations

You are tiny and cannot use many weapons and most armour.
You have supernaturally acute eyesight.
You are a herbivore.
You cover ground extremely quickly.
You need consume almost no food.
You are partially covered in slimy green scales (AC +1).


Message History

You kill Nessos!
Okawaru accepts your kill.
Your Short Blades skill increases to level 9!
You have reached level 10!
You feel agile.
h - a wand of cold {zapped: 5}
Things that are here:
a longbow of flame; 36 poisoned arrows; a runed centaur barding You drop a wand of cold {zapped: 5}.
You see here a wand of cold {zapped: 5}.
You start resting.
Magic restored.
There is a stone staircase leading down here.
You climb downwards.
A goblin comes into view.
The two-headed ogre hits you with a giant club!
There is a stone staircase leading up here.
The two-headed ogre closely misses you.
The two-headed ogre hits you with a giant club!
You die...

#.. .g#..g ..
...#..##.##
...........##
.............#
$............#.
............$..
#.............#
#....O@>......#
..........#..$.$$
....#...... ...
...#......... . .
##..........
##...#....
##...#.# ##.# # #


You could see a two-headed ogre and 2 goblins.

Vanquished Creatures
  Nessos (Orc:2)
  Prince Ribbit (D:7)
  Eustachio (D:5)
  A manticore (D:9)
  A hippogriff (D:7)
  Edmund (D:6)
  2 ice beasts
  A swamp drake (D:9)
  5 orc warriors
  2 ogres
  A centaur (D:8)
  2 giant frogs
  4 crimson imps
  A quasit (D:8)
  A hound (D:7)
  4 orc priests
  Crazy Yiuf (D:7)
  A hound zombie (D:5)
  5 iguanas
  A worker ant (D:7)
  6 orc wizards
  A scorpion (D:4)
  A hound skeleton (D:7)
  A jelly (D:8)
  A mummy (D:9)
  3 gnolls (D:5)
  3 adders
  A giant mite (D:4)
  An iguana skeleton (D:9)
  2 worms
  A grey rat (D:4)
  A gnoll zombie (D:5)
  6 giant geckos
  4 oozes
  36 orcs
  A ball python (D:1)
  4 giant cockroaches
  14 hobgoblins
  5 quokkas
  15 bats
  10 giant newts
  A giant spore (D:9)
  13 goblins
  17 kobolds
  An orc skeleton (D:8)
  28 rats
  5 ballistomycetes
  A toadstool (D:5)
220 creatures vanquished.

Vanquished Creatures (others)
  An orc (D:8)
  A bat (D:6)
  2 hobgoblins
  2 giant spores (D:6)
  A rat (D:5)
  6 toadstools
13 creatures vanquished.

Grand Total: 233 creatures vanquished

Notes
Turn   | Place    | Note
--------------------------------------------------------------
     0 | D:1      | NINUZHNO, the Spriggan Stalker, began the quest for the Orb.
     0 | D:1      | Reached XP level 1. HP: 10/10 MP: 2/2
   240 | D:1      | Reached XP level 2. HP: 14/14 MP: 0/4
   298 | D:1      | Learned a level 2 spell: Evaporate
   583 | D:1      | Reached skill level 4 in Stabbing
   804 | D:1      | Reached skill level 1 in Traps & Doors
   918 | D:1      | Reached XP level 3. HP: 15/18 MP: 7/7
  2020 | D:2      | Reached XP level 4. HP: 22/22 MP: 6/9
  2736 | D:3      | Learned a level 3 spell: Passwall
  3009 | D:4      | Found an ancient bone altar of Kikubaaqudgha.
  3178 | D:4      | Reached skill level 5 in Stabbing
  3178 | D:4      | Reached skill level 5 in Transmutations
  3448 | D:4      | Noticed Leszczynek's ghost (average SETm)
  3524 | D:4      | Reached XP level 5. HP: 20/25 MP: 9/12
  3876 | D:3      | Reached skill level 1 in Fire Magic
  4074 | D:4      | Found a staircase to the Ecumenical Temple.
  4127 | Temple   | Entered the Ecumenical Temple
  4185 | Temple   | Became a worshipper of Warmaster Okawaru
  4434 | D:5      | Entered Level 5 of the Dungeon
  4468 | D:5      | Noticed Gottschkopf's ghost (weakling SEHe)
  4533 | D:5      | Noticed Eustachio
  4694 | D:5      | Killed Eustachio
  4694 | D:5      | Reached skill level 1 in Earth Magic
  4694 | D:5      | Reached XP level 6. HP: 30/30 MP: 13/16
  5548 | D:5      | Reached XP level 7. HP: 24/33 MP: 18/18
  5714 | D:5      | Acquired Okawaru's first power
  5810 | D:5      | Gained mutation: You are partially covered in slimy green scales (AC +1).
  6123 | D:6      | Found Fah Vyf's Jewellery Shop.
  6204 | D:6      | Reached skill level 5 in Short Blades
  6204 | D:6      | Reached skill level 5 in Stealth
  6204 | D:6      | Reached skill level 1 in Invocations
  6297 | D:6      | Noticed Edmund
  6330 | D:6      | Killed Edmund
  6330 | D:6      | Reached XP level 8. HP: 37/37 MP: 20/20
  6537 | D:7      | Noticed Prince Ribbit
  6572 | D:7      | Killed Prince Ribbit
  6572 | D:7      | Reached skill level 6 in Short Blades
  6572 | D:7      | Reached skill level 5 in Dodging
  7231 | D:7      | Reached XP level 9. HP: 36/41 MP: 23/23
  7265 | D:7      | Learned a level 4 spell: Dig
  7287 | D:7      | Noticed Crazy Yiuf
  7295 | D:7      | Killed Crazy Yiuf
  7295 | D:7      | Reached skill level 5 in Traps & Doors
  7951 | D:8      | Reached skill level 7 in Stealth
  8314 | D:8      | Noticed Duffy's ghost (experienced SETm)
  8677 | D:9      | Found a staircase to the Lair.
  9350 | D:9      | Found a staircase to the Orcish Mines.
  9708 | D:9      | Reached skill level 8 in Short Blades
  9737 | D:9      | Learned a level 4 spell: Petrify
  9907 | Orc:1    | Entered Level 1 of the Orcish Mines
 10475 | Orc:3    | Noticed Nessos
 10475 | Orc:3    | Noticed a two-headed ogre
 10501 | Orc:2    | Killed Nessos
 10501 | Orc:2    | Reached skill level 9 in Short Blades
 10501 | Orc:2    | Reached XP level 10. HP: 45/45 MP: 22/25
 10522 | Orc:3    | Slain by a two-headed ogre
